3R
GREENPORT HARBOR WHALES @ OGALLALA OCTOPI
09/02/2041
 
TOP OF THE 1ST
Greenport Harbor Whales batting - Pitching for Ogallala Octopi : RHP Otis Knapp
Pitching: RHP Otis Knapp
Batting: RHB Kien Thum 0-0: Ball
1-0: Called Strike
1-1: Ground out 1-3 (Groundball, 25, EV 78.8 MPH)
Batting: RHB Nelson Moore 0-0: Ball
1-0: SINGLE (Groundball, 5D, EV 106.9 MPH)
Batting: LHB Alberto Medellín 0-0: Ground out 3-1 (Groundball, 3S, EV 90.6 MPH)
Nelson Moore to second
Batting: LHB Rafael Rea 0-0: Ball
1-0: Ball
2-0: Called Strike
2-1: Called Strike
2-2: Foul Ball, location: 2F
2-2: Fly out, F8 (Flyball, 8LXD, EV 102.5 MPH)
Top of the 1st over - 0 runs, 1 hit, 0 errors, 1 left on base; Greenport 0 - Ogallala 0
BOTTOM OF THE 1ST
Ogallala Octopi batting - Pitching for Greenport Harbor Whales : LHP Vincent Higgins
Pitching: LHP Vincent Higgins
Batting: RHB Nando van der Goor 0-0: Called Strike
0-1: Foul Ball, location: 2F
0-2: SOLO HOME RUN (Flyball, 8RXD, EV 103.1 MPH), Distance : 425 ft
Batting: RHB Rodrigo Sánchez 0-0: SOLO HOME RUN (Flyball, 7D, EV 100.6 MPH), Distance : 365 ft
Batting: SHB Víctor Pagueros 0-0: Ball
1-0: Foul Ball, location: 2F
1-1: Foul Ball, location: 2F
1-2: Foul Ball, location: 2F
1-2: DOUBLE (Flyball, 78XD, EV 98.1 MPH)
Batting: RHB Roy Berriman 0-0: Ball
1-0: Ground out 4-3 (Groundball, 4, EV 84.4 MPH)
Víctor Pagueros to third
Batting: RHB Sonny Day 0-0: Called Strike
0-1: Ball
1-1: SINGLE (Line Drive, 56D, EV 100.0 MPH)
Víctor Pagueros scores
Batting: LHB Derrek Guthrie 0-0: Ball
1-0: Fly out, F8 (Flyball, 89D, EV 96.9 MPH)
Batting: SHB Danny Adams 0-0: Fly out, F8 (Flyball, 8LXD, EV 89.4 MPH)
Bottom of the 1st over - 3 runs, 4 hits, 0 errors, 1 left on base; Greenport 0 - Ogallala 3
TOP OF THE 2ND
Greenport Harbor Whales batting - Pitching for Ogallala Octopi : RHP Otis Knapp
Batting: RHB Vincent Robertson 0-0: Called Strike
0-1: Ground out 6-3 (Groundball, 6S, EV 76.2 MPH)
Batting: RHB José Vásquez 0-0: Swinging Strike
0-1: Called Strike
0-2: SINGLE (Groundball, 56, EV 104.4 MPH) (infield hit)
Batting: LHB Fabian Ekkel 0-0: Ball
José Vásquez is caught stealing 2nd base 2-6
1-0: Called Strike
1-1: SINGLE (Popup, 6D, EV 52.5 MPH)
Batting: LHB Adrián Vargas 0-0: Ball
1-0: Fielders Choice at 2nd, 6-4 (Groundball, 6, EV 100.6 MPH)
Top of the 2nd over - 0 runs, 2 hits, 0 errors, 1 left on base; Greenport 0 - Ogallala 3
BOTTOM OF THE 2ND
Ogallala Octopi batting - Pitching for Greenport Harbor Whales : LHP Vincent Higgins
Batting: RHB Tetsuhiko Baba 0-0: Ball
1-0: Called Strike
1-1: Foul Ball, location: 2F
1-2: SINGLE (Line Drive, 56D, EV 94.4 MPH)
Batting: SHB Lyonya Wanyushin 0-0: Called Strike
0-1: Ball
1-1: Ball
2-1: DOUBLE (Line Drive, 8LXD, EV 108.8 MPH)
Tetsuhiko Baba to third
Runner from 3rd tries for Home, SAFE, throw by CF to home
Batting: RHB Nando van der Goor 0-0: Called Strike
0-1: Swinging Strike
0-2: Ground out 5-3 (Groundball, 56S, EV 82.5 MPH)
Batting: RHB Rodrigo Sánchez 0-0: Swinging Strike
0-1: Called Strike
0-2: SINGLE (Groundball, 25, EV 69.4 MPH) (infield hit)
Lyonya Wanyushin to third
Batting: SHB Víctor Pagueros 0-0: Ball
1-0: SINGLE (Groundball, 34, EV 88.1 MPH) (infield hit)
Lyonya Wanyushin scores
Rodrigo Sánchez to second
Pitching: RHP Arthur Rix
Batting: RHB Roy Berriman 0-0: Ball
1-0: Ball
2-0: Called Strike
2-1: 3-RUN HOME RUN (Line Drive, 7LD, EV 99.4 MPH), Distance : 341 ft
Batting: RHB Sonny Day 0-0: Called Strike
0-1: Ball
1-1: Ball
2-1: Swinging Strike
2-2: Strikes out swinging
Batting: LHB Derrek Guthrie 0-0: SINGLE (Line Drive, 6D, EV 95.0 MPH)
Batting: SHB Danny Adams 0-0: Ball
1-0: Ball
2-0: Foul Ball, location: 2F
2-1: Foul Ball, location: 2F
2-2: Ground out 4-3 (Groundball, 4, EV 86.2 MPH)
Bottom of the 2nd over - 5 runs, 6 hits, 0 errors, 1 left on base; Greenport 0 - Ogallala 8
TOP OF THE 3RD
Greenport Harbor Whales batting - Pitching for Ogallala Octopi : RHP Otis Knapp
Batting: RHB Mariano Cabral 0-0: Ground out 6-3 (Groundball, 6M, EV 101.9 MPH)
Batting: RHB Kien Thum 0-0: Ball
1-0: Ball
2-0: Ball
3-0: Called Strike
3-1: Base on Balls
Batting: RHB Nelson Moore 0-0: Foul Ball, location: 2F
0-1: Grounds into double play, 5-4-3 (Groundball, 56S, EV 84.4 MPH)
Top of the 3rd over - 0 runs, 0 hits, 0 errors, 0 left on base; Greenport 0 - Ogallala 8
BOTTOM OF THE 3RD
Ogallala Octopi batting - Pitching for Greenport Harbor Whales : RHP Arthur Rix
Batting: RHB Tetsuhiko Baba 0-0: DOUBLE (Line Drive, 9LS, EV 90.0 MPH) - OUT at third base trying to stretch hit.
Batting: SHB Lyonya Wanyushin 0-0: Fly out, F7 (Flyball, 7D, EV 93.1 MPH)
Batting: RHB Nando van der Goor 0-0: Ball
1-0: Called Strike
1-1: Ball
2-1: Ball
3-1: Base on Balls
Batting: RHB Rodrigo Sánchez 0-0: Ball
1-0: SINGLE (Line Drive, 8RS, EV 96.2 MPH)
Nando van der Goor to second
Batting: SHB Víctor Pagueros 0-0: Called Strike
0-1: Ball
1-1: Ground out 3-1 (Groundball, 34, EV 100.6 MPH)
Bottom of the 3rd over - 0 runs, 2 hits, 0 errors, 2 left on base; Greenport 0 - Ogallala 8
TOP OF THE 4TH
Greenport Harbor Whales batting - Pitching for Ogallala Octopi : RHP Otis Knapp
Batting: LHB Alberto Medellín 0-0: Ball
1-0: Swinging Strike
1-1: Ball
2-1: Foul Ball, location: 2F
2-2: Fly out, F7 (Flyball, 78S, EV 89.4 MPH)
Batting: LHB Rafael Rea 0-0: Ball
1-0: Ground out 6-3 (Groundball, 6, EV 92.5 MPH)
Batting: RHB Vincent Robertson 0-0: SINGLE (Groundball, 4MD, EV 100.6 MPH)
Batting: RHB José Vásquez 0-0: Called Strike
0-1: SINGLE (Line Drive, 78S, EV 98.8 MPH)
Vincent Robertson to second
Batting: LHB Fabian Ekkel 0-0: Ball
1-0: Called Strike
1-1: Swinging Strike
Passed Ball!
Vincent Robertson to third
José Vásquez to second
1-2: Foul Ball, location: 2F
1-2: 3-RUN HOME RUN (Flyball, 78XD, EV 101.9 MPH), Distance : 376 ft
Batting: LHB Adrián Vargas 0-0: Foul Ball, location: 2F
0-1: Ball
1-1: Fly out, F7 (Flyball, 78D, EV 96.2 MPH)
Top of the 4th over - 3 runs, 3 hits, 0 errors, 0 left on base; Greenport 3 - Ogallala 8
BOTTOM OF THE 4TH
Ogallala Octopi batting - Pitching for Greenport Harbor Whales : RHP Arthur Rix
Batting: RHB Roy Berriman 0-0: Called Strike
0-1: Called Strike
0-2: Strikes out swinging
Batting: RHB Sonny Day 0-0: Foul Ball, location: 2F
0-1: Ball
1-1: SINGLE (Groundball, 6MD, EV 103.8 MPH)
Batting: LHB Derrek Guthrie 0-0: Ball
1-0: Foul Ball, location: 2F
1-1: Ball
Sonny Day is caught stealing 2nd base 2-6
2-1: Ball
3-1: Swinging Strike
3-2: Strikes out swinging
Bottom of the 4th over - 0 runs, 1 hit, 0 errors, 0 left on base; Greenport 3 - Ogallala 8
TOP OF THE 5TH
Greenport Harbor Whales batting - Pitching for Ogallala Octopi : RHP Otis Knapp
Batting: RHB Mariano Cabral 0-0: Called Strike
0-1: Foul Ball, location: 2F
0-2: Foul Ball, location: 2F
0-2: Ball
1-2: Strikes out swinging
Batting: RHB Kien Thum 0-0: Ball
1-0: Fly out, F9 (Flyball, 9LMF, EV 91.9 MPH)
Batting: RHB Nelson Moore 0-0: Foul Ball, location: 2F
0-1: Ball
1-1: Foul Ball, location: 2F
1-2: Ball
2-2: Strikes out swinging
Top of the 5th over - 0 runs, 0 hits, 0 errors, 0 left on base; Greenport 3 - Ogallala 8
BOTTOM OF THE 5TH
Ogallala Octopi batting - Pitching for Greenport Harbor Whales : RHP Arthur Rix
Batting: SHB Danny Adams 0-0: Foul Ball, location: 2F
0-1: Fly out, F7 (Line Drive, 7, EV 105.6 MPH)
Batting: RHB Tetsuhiko Baba 0-0: Swinging Strike
0-1: Ball
1-1: Called Strike
1-2: Ball
2-2: Ball
3-2: Foul Ball, location: 2F
3-2: SINGLE (Flyball, 7, EV 92.5 MPH)
Batting: SHB Lyonya Wanyushin 0-0: Ball
1-0: Called Strike
1-1: Foul Ball, location: 2F
1-2: Foul Ball, location: 2F
1-2: SINGLE (Flyball, 3D, EV 88.1 MPH)
Tetsuhiko Baba to second
Batting: RHB Nando van der Goor 0-0: SINGLE (Flyball, 8RS, EV 90.0 MPH)
Tetsuhiko Baba to third
Lyonya Wanyushin to second
Runner from 3rd tries for Home, SAFE, throw by CF to home
Batting: RHB Rodrigo Sánchez 0-0: Called Strike
0-1: Ball
1-1: Swinging Strike
1-2: Ball
2-2: Ball
3-2: DOUBLE (Groundball, 5L, EV 105.0 MPH)
Lyonya Wanyushin scores
Nando van der Goor to third
Runner from 3rd tries for Home, SAFE, no throw by LF
Batting: SHB Víctor Pagueros 0-0: Ball
1-0: Foul Ball, location: 2F
1-1: Foul Ball, location: 2F
1-2: Ball
2-2: SINGLE (Flyball, 56D, EV 86.2 MPH)
Rodrigo Sánchez to third
Pitching: RHP Raúl Ferrer
Batting: RHB Roy Berriman 0-0: Ball
1-0: Ball
2-0: Called Strike
2-1: Foul Ball, location: 2F
2-2: Strikes out looking
Batting: RHB Sonny Day 0-0: Ball
1-0: DOUBLE (Groundball, 5L, EV 102.5 MPH)
Rodrigo Sánchez scores
Víctor Pagueros to third
Runner from 3rd tries for Home, SAFE, throw by LF to home
Batting: LHB Derrek Guthrie 0-0: Ball
1-0: Called Strike
1-1: Ball
2-1: SINGLE (Groundball, 34D, EV 97.5 MPH)
Sonny Day to third
Runner from 3rd tries for Home, SAFE, no throw by RF
Batting: SHB Danny Adams 0-0: Ball
1-0: Called Strike
1-1: Foul Ball, location: 2F
1-2: Fly out, F9 (Flyball, 89D, EV 95.6 MPH)
Bottom of the 5th over - 6 runs, 7 hits, 0 errors, 1 left on base; Greenport 3 - Ogallala 14
TOP OF THE 6TH
Greenport Harbor Whales batting - Pitching for Ogallala Octopi : RHP Otis Knapp
Batting: LHB Alberto Medellín 0-0: Ball
1-0: Foul Ball, location: 2F
1-1: Ball
2-1: Ball
3-1: Called Strike
3-2: SINGLE (Flyball, 9LM, EV 89.4 MPH)
Batting: LHB Rafael Rea 0-0: Foul Ball, location: 2F
0-1: Grounds into double play, 4-6-3 (Groundball, 4, EV 100.6 MPH)
Batting: RHB Vincent Robertson 0-0: Swinging Strike
0-1: Foul Ball, location: 2F
0-2: Strikes out swinging
Top of the 6th over - 0 runs, 1 hit, 0 errors, 0 left on base; Greenport 3 - Ogallala 14
BOTTOM OF THE 6TH
Ogallala Octopi batting - Pitching for Greenport Harbor Whales : RHP Raúl Ferrer
Batting: RHB Tetsuhiko Baba 0-0: Called Strike
0-1: Ground out 5-3 (Groundball, 56, EV 110.6 MPH)
Batting: SHB Lyonya Wanyushin 0-0: SOLO HOME RUN (Flyball, 89XD, EV 100.0 MPH), Distance : 413 ft
Batting: RHB Nando van der Goor 0-0: Ball
1-0: Foul Ball, location: 2F
1-1: Ball
2-1: Swinging Strike
2-2: Ball
3-2: Reached on error, E6 (Groundball, 6, EV 103.1 MPH)
Batting: RHB Rodrigo Sánchez 0-0: Called Strike
0-1: Foul Ball, location: 2F
0-2: Ball
1-2: Foul Ball, location: 2F
1-2: Strikes out looking
Batting: SHB Víctor Pagueros 0-0: Ball
1-0: SINGLE (Flyball, 8LS, EV 91.9 MPH)
Nando van der Goor to second
Batting: RHB Roy Berriman 0-0: Ball
1-0: Fly out, F8 (Flyball, 8RM, EV 89.4 MPH)
Bottom of the 6th over - 1 run, 2 hits, 1 error, 2 left on base; Greenport 3 - Ogallala 15
TOP OF THE 7TH
Greenport Harbor Whales batting - Pitching for Ogallala Octopi : RHP Otis Knapp
Batting: RHB José Vásquez 0-0: Called Strike
0-1: Called Strike
0-2: Ball
1-2: Ball
2-2: Foul Ball, location: 2F
2-2: Foul Ball, location: 2F
2-2: Strikes out swinging
Batting: LHB Fabian Ekkel 0-0: Ball
1-0: Ball
2-0: DOUBLE (Groundball, 3L, EV 97.5 MPH)
Batting: LHB Adrián Vargas 0-0: Ball
1-0: 2-RUN HOME RUN (Flyball, 9D, EV 93.1 MPH), Distance : 362 ft
Pitching: RHP Víctor Trujillo
Batting: RHB Mariano Cabral 0-0: Called Strike
0-1: Foul Ball, location: 2F
0-2: Strikes out swinging
Batting: RHB Kien Thum 0-0: Ball
1-0: Ball
2-0: Called Strike
2-1: Foul Ball, location: 2F
2-2: Strikes out swinging
Top of the 7th over - 2 runs, 2 hits, 0 errors, 0 left on base; Greenport 5 - Ogallala 15
BOTTOM OF THE 7TH
Ogallala Octopi batting - Pitching for Greenport Harbor Whales : RHP Raúl Ferrer
Batting: RHB Sonny Day 0-0: Ball
1-0: Ball
2-0: SINGLE (Groundball, 15, EV 71.9 MPH) (infield hit)
Batting: LHB Derrek Guthrie 0-0: Ball
1-0: Called Strike
1-1: Called Strike
1-2: Fly out, F9 (Flyball, 89D, EV 86.2 MPH)
Batting: SHB Danny Adams 0-0: Swinging Strike
0-1: Ball
1-1: Fielders Choice at 2nd, 4-6 (Groundball, 4, EV 102.5 MPH)
Batting: RHB Tetsuhiko Baba 0-0: Called Strike
0-1: Ball
1-1: Foul Ball, location: 2F
1-2: Ball
2-2: DOUBLE (Flyball, 78D, EV 96.2 MPH)
Danny Adams to third
Batting: SHB Lyonya Wanyushin 0-0: DOUBLE (Line Drive, 7LS, EV 104.4 MPH)
Danny Adams scores
Tetsuhiko Baba scores
Batting: RHB Nando van der Goor 0-0: Foul Ball, location: 2F
0-1: Ball
1-1: Swinging Strike
1-2: Foul Ball, location: 2F
1-2: Fly out, F7 (Line Drive, 7D, EV 95.6 MPH)
Bottom of the 7th over - 2 runs, 3 hits, 0 errors, 1 left on base; Greenport 5 - Ogallala 17
TOP OF THE 8TH
Greenport Harbor Whales batting - Pitching for Ogallala Octopi : RHP Víctor Trujillo
Batting: RHB Nelson Moore 0-0: Ball
1-0: Foul Ball, location: 2F
1-1: Foul Ball, location: 2F
1-2: Foul Ball, location: 2F
1-2: Ground out 4-3 (Groundball, 4, EV 111.2 MPH)
Batting: LHB Alberto Medellín 0-0: Ball
1-0: SINGLE (Groundball, 34D, EV 97.5 MPH)
Batting: LHB Rafael Rea 0-0: Ball
1-0: Foul Ball, location: 2F
1-1: Ball
2-1: Foul Ball, location: 2F
2-2: Ball
3-2: Foul Ball, location: 2F
3-2: Base on Balls
Alberto Medellín to second
Batting: RHB Vincent Robertson 0-0: Ball
1-0: Ball
2-0: Ball
3-0: Base on Balls
Alberto Medellín to third
Rafael Rea to second
Batting: RHB José Vásquez 0-0: Reached via error on a dropped throw from SS, E3 (Groundball, 6, EV 79.4 MPH)
Alberto Medellín scores
Rafael Rea to third
Vincent Robertson to second
Batting: LHB Fabian Ekkel 0-0: Foul Ball, location: 2F
0-1: Called Strike
0-2: Ball
1-2: Foul Ball, location: 2F
1-2: Foul Ball, location: 2F
1-2: Foul Ball, location: 2F
1-2: Fly out, F8 (Flyball, 78D, EV 88.8 MPH)
Runner from 3rd tags up, SCORES, throw by CF
Vincent Robertson to third
Batting: LHB Adrián Vargas 0-0: Called Strike
0-1: Called Strike
0-2: Ball
1-2: Foul Ball, location: 2F
1-2: Fly out, F9 (Line Drive, 9, EV 93.8 MPH)
Top of the 8th over - 2 runs, 1 hit, 1 error, 2 left on base; Greenport 7 - Ogallala 17
BOTTOM OF THE 8TH
Ogallala Octopi batting - Pitching for Greenport Harbor Whales : RHP Raúl Ferrer
Pitching: RHP Eduardo Pérez
Batting: RHB Rodrigo Sánchez 0-0: Called Strike
0-1: Ball
1-1: Ball
2-1: Ball
3-1: Foul Ball, location: 2F
3-2: Fly out, F7 (Line Drive, 7, EV 96.9 MPH)
Batting: SHB Víctor Pagueros 0-0: Ball
1-0: Ball
2-0: Called Strike
2-1: Called Strike
2-2: Ground out 1-3 (Groundball, 15S, EV 70.0 MPH)
Batting: RHB Roy Berriman 0-0: Called Strike
0-1: Foul Ball, location: 2F
0-2: Ball
1-2: Ball
2-2: SINGLE (Groundball, 6, EV 103.8 MPH) (infield hit)
Batting: RHB Sonny Day 0-0: Called Strike
0-1: Fly out, F8 (Flyball, 8LM, EV 91.9 MPH)
Bottom of the 8th over - 0 runs, 1 hit, 0 errors, 1 left on base; Greenport 7 - Ogallala 17
TOP OF THE 9TH
Greenport Harbor Whales batting - Pitching for Ogallala Octopi : RHP Víctor Trujillo
Batting: RHB Mariano Cabral 0-0: Swinging Strike
0-1: Swinging Strike
0-2: Strikes out swinging
Batting: RHB Kien Thum 0-0: Foul Ball, location: 2F
0-1: Fly out, F8 (Flyball, 89S, EV 94.4 MPH)
Batting: RHB Nelson Moore 0-0: Called Strike
0-1: Swinging Strike
0-2: Ball
1-2: Strikes out looking
Top of the 9th over - 0 runs, 0 hits, 0 errors, 0 left on base; Greenport 7 - Ogallala 17
Tuesday, January 5th, 2021 - OOTP Baseball 20.8 Build 74